 Dungeon Crawl Stone Soup version 0.28-a0-796-gd4f0d3f9b2 (webtiles) character file.

Game seed: 14451059987262098202

8297 BlueGoblin the Frost Mage (level 11, -1/62 HPs)
             Began as a Gargoyle Ice Elementalist on Nov 6, 2021.
             Was a Believer of Sif Muna.
             Slain by a six-headed hydra (4 damage)
             ... on level 11 of the Dungeon.
             The game lasted 00:28:48 (11856 turns).

BlueGoblin the Frost Mage (GrIE)                   Turns: 11856, Time: 00:28:49

Health: -1/62      AC: 30    Str: 13    XL:     11   Next: 28%
Magic:  20/24      EV: 15    Int: 18    God:    Sif Muna [**....]
Gold:   444        SH:  0    Dex: 16    Spells: 18/29 levels left

rFire   + . .      SeeInvis .   l - +0 mace (protect)
rCold   . . .      Faith    .   (no shield)
rNeg    + . .      Spirit   .   t - +0 steam dragon scales
rPois   ∞          Reflect  .   f - +1 helmet
rElec   +          Harm     .   (no cloak)
rCorr   .          Rampage  .   (no gloves)
Will    .....                   (no boots)
Stlth   ++........              (no amulet)
HPRegen 0.20/turn               j - ring of protection from fire
MPRegen 0.19/turn               r - +6 ring of dexterity

@: ice-armoured, under a protective aura, freezing walls
A: sickness immunity, AC +8, negative energy resistance 1, electricity
resistance, torment resistance 1, petrification resistance
a: Renounce Religion, Channel Magic


You were on level 11 of the Dungeon.
You worshipped Sif Muna.
Sif Muna was pleased with you.
You visited 2 branches of the dungeon, and saw 12 of its levels.

You collected 764 gold pieces.
You spent 320 gold pieces at shops.

Inventory:

Hand Weapons
 c - a +1 dagger
 l - a +0 mace of protection (weapon)
 n - a +0 antimagic hand axe
 B - the +10 war axe "Cuneikle" {antimagic, rF++ rC+}
   (You found it on level 10 of the Dungeon)

   It reduces the magical energy of the wielder, and disrupts the spells and
   magical abilities of those it strikes.
   Natural abilities and divine invocations are not affected.
   rF:        It greatly protects you from fire.
   rC:        It protects you from cold.
Missiles
 e - 328 stones
Armour
 a - a +0 robe
 f - a +1 helmet (worn)
 m - a +0 scale mail
 t - +0 steam dragon scales (worn)
Jewellery
 j - a ring of protection from fire (left hand)
 r - a +6 ring of dexterity (right hand)
Wands
 q - a wand of polymorph (13)
 v - a wand of flame (17)
 A - a wand of paralysis (8)
 E - a wand of charming (9)
Scrolls
 g - 3 scrolls of fog
 i - 2 scrolls of magic mapping
 s - 2 scrolls of enchant armour
 w - 2 scrolls of identify
 y - a scroll of brand weapon
 z - 3 scrolls of teleportation
 D - 2 scrolls of fear
Potions
 b - a potion of cancellation
 d - a potion of lignification
 h - 2 potions of might
 k - 2 potions of haste
 o - 3 potions of brilliance
 p - a potion of ambrosia
 u - a potion of attraction {unknown}
 C - a potion of resistance {unknown}
 F - a potion of degeneration {unknown}


   Skills:
 + Level 4.6 Fighting
 + Level 6.0 Dodging
 - Level 2.1 Stealth
 + Level 9.5 Spellcasting
 * Level 4.6 Translocations
 + Level 10.7 Ice Magic


You had 18 spell levels left.
You knew the following spells:

 Your Spells              Type           Power      Damage    Failure   Level
a - Ozocubu's Armour      Ice            47%        N/A       1%          3
b - Freeze                Ice            100%       1d11      1%          1
s - Frozen Ramparts       Ice            94%        1d11      1%          3
x - Passage of Golubria   Tloc           25%        N/A       12%         4

Your spell library contained the following spells:

 Spells                   Type           Power      Damage    Failure   Level
 Apportation              Tloc           50%        N/A       1%          1
 Gell's Gravitas          Tloc           25%        N/A       3%          3
 Teleport Other           Tloc           25%        N/A       3%          3
 Hailstorm                Conj/Ice       28%        3d8       9%          4
 Scorch                   Fire           16%        2d6       13%         2
 Tukima's Dance           Hex            8%         N/A       26%         3
 Metabolic Englaciation   Hex/Ice        14%        N/A       26%         5
 Flame Wave               Conj/Fire      8%         3d4       63%         4
 Olgreb's Toxic Radiance  Pois           8%         N/A       63%         4
 Ozocubu's Refrigeration  Ice            23%        4d9       63%         7
 Simulacrum               Ice/Necr       14%        N/A       80%         6
 Dispersal                Tloc           12%        N/A       88%         6
 Alistair's Intoxication  Tmut/Pois      5%         N/A       93%         5
 Yara's Violent Unravell  Hex/Tmut       4%         3d4       93%         5
 Invisibility             Hex            4%         N/A       100%        6
 Summon Cactus Giant      Summ           4%         N/A       100%        6
 Ignition                 Fire           4%         3d4       100%        8


Dungeon Overview and Level Annotations

Branches:
Dungeon (11/15)            Temple (1/1) D:5             Orc (0/2) D:10
   Lair: D:8-11

Altars:
Ashenzari
Dithmenos
Elyvilon
Fedhas
Gozag
Hepliaklqana
Makhleb
Nemelex Xobeh
Okawaru
Qazlal
Ru
Sif Muna
Trog
Uskayaw
Vehumet
Wu Jian
Xom
Yredelemnul
Zin
The Shining One

Shops:
D:6 [   D:9 *   D:10 [

Annotations:
D:4 2 transporters


Innate Abilities, Weirdness & Mutations

You are immune to sickness and miasma.
Your stone body is resilient. (AC +8)
You are immune to poison.
You resist negative energy. (rN+)
You are resistant to electric shocks. (rElec)
You are resistant to unholy torment.
You are immune to petrification.


Message History

The six-headed hydra is heavily wounded.
The six-headed hydra is no longer moving slowly.
The wall freezes the deep elf pyromancer!
Unknown command.
You hit the six-headed hydra.
The six-headed hydra is severely wounded.
The wall freezes the six-headed hydra.
The six-headed hydra bites you but does no damage. x3
The six-headed hydra bites you!
The six-headed hydra bites you but does no damage.
The six-headed hydra barely misses you.
The wall freezes the deep elf pyromancer.
The wall freezes the six-headed hydra.
The six-headed hydra bites you but does no damage. x3
The six-headed hydra bites you!
The six-headed hydra bites you but does no damage.
The six-headed hydra barely misses you.
You hit the six-headed hydra.
The six-headed hydra is severely wounded.
The wall freezes the deep elf pyromancer.
The deep elf pyromancer casts a spell.
The wall freezes the six-headed hydra!
The six-headed hydra bites you. The six-headed hydra bites you!
* * * LOW HITPOINT WARNING * * *
The six-headed hydra closely misses you.
The six-headed hydra bites you.
* * * LOW HITPOINT WARNING * * *
The six-headed hydra completely misses you.
The six-headed hydra bites you.
* * * LOW HITPOINT WARNING * * *
The wall freezes the deep elf pyromancer.
The deep elf pyromancer casts a spell.
The deep elf pyromancer blinks!
You feel better.
The wall freezes the six-headed hydra.
The six-headed hydra seems to slow down.
The six-headed hydra bites you!
* * * LOW HITPOINT WARNING * * *
The six-headed hydra bites you but does no damage. x3
The six-headed hydra bites you.
You die...

##.#............<
##..#......>?.....
#.................
.................
#. #.............
#.#).<....E.....
#.#..........##
#.......##D##
#........##@E#
#.......##...#
#..............
#..........#..##
#......?..# ###
#........#
#.....(.## ....


You could see a six-headed hydra (slow) and 2 fire elementals.

Vanquished Creatures
  A hydra (D:9)
  2 two-headed ogres
  The ghost of Zigma the Insei, a novice OpTm of Yredelemnul (D:6)
  2 kobold demonologists (D:10)
  Grinder (D:5)
  Prince Ribbit (D:8)
  A hornet (D:10)
  2 wyverns
  A wraith (D:10)
  A steam dragon (D:7)
  2 wargs (D:10)
  A water moccasin (D:8)
  An acid dragon (D:6)
  2 ice beasts
  9 orc warriors
  6 sky beasts
  A necrophage (D:6)
  3 ogres
  2 centaurs (D:9)
  A kobold brigand (D:10)
  4 bullfrogs
  A gnoll sergeant (D:8)
  4 scorpions
  A wyvern skeleton (D:7)
  4 jellies
  An electric eel (D:7)
  4 centaur zombies
  2 hounds
  4 quasits (D:6)
  A gnoll shaman (D:10)
  2 orc priests
  A centaur skeleton (D:7)
  Jessica (D:3)
  2 iguanas
  4 orc wizards
  14 gnolls
  6 adders
  A howler monkey skeleton (D:7)
  A white imp (D:7)
  An ufetubus (D:6)
  A worm (D:3)
  4 dart slugs
  24 orcs
  5 ball pythons
  6 endoplasms
  3 giant cockroaches
  5 goblins
  4 hobgoblins
  2 jackals (D:3)
  6 quokkas
  9 bats
  5 frilled lizards
  11 kobolds
  3 rats (D:1)
188 creatures vanquished.

Vanquished Creatures (collateral kills)
  A scorpion (D:7)
  A gnoll shaman (D:7)
  A gnoll (D:7)
3 creatures vanquished.

Vanquished Creatures (others)
  2 plants
2 creatures vanquished.

Grand Total: 193 creatures vanquished

Notes
Turn   | Place    | Note
-------+----------+-------------------------------------------
     0 | D:1      | BlueGoblin the Gargoyle Ice Elementalist began the quest
                  | for the Orb.
     0 | D:1      | Reached XP level 1. HP: 10/10 MP: 3/3
   483 | D:1      | Reached XP level 2. HP: 11/15 MP: 0/5
  1018 | D:1      | Reached XP level 3. HP: 19/19 MP: 4/6
  1032 | D:1      | Learned a level 3 spell: Frozen Ramparts
  1526 | D:2      | Found a faded altar of an unknown god.
  1576 | D:2      | Reached skill level 5 in Ice Magic
  1964 | D:3      | Noticed Jessica
  1969 | D:3      | Killed Jessica
  1970 | D:3      | Reached XP level 4. HP: 24/24 MP: 5/7
  2587 | D:3      | Reached XP level 5. HP: 28/28 MP: 9/9
  3008 | D:3      | Learned a level 3 spell: Ozocubu's Armour
  3367 | D:4      | Found a transporter.
  3384 | D:4      | Found a transporter.
  3515 | D:4      | Reached XP level 6. HP: 33/33 MP: 6/11
  3846 | D:5      | Entered Level 5 of the Dungeon
  3851 | D:5      | Found a staircase to the Ecumenical Temple.
  3917 | D:5      | Reached skill level 1 in Fighting
  3923 | D:5      | Reached skill level 6 in Ice Magic
  3926 | D:5      | Noticed Grinder
  3989 | Temple   | Entered the Ecumenical Temple
  4052 | Temple   | Became a worshipper of Sif Muna the Loreminder
  4294 | D:5      | Paralysed by Grinder for 6 turns
  4313 | D:5      | Paralysed by Grinder for 5 turns
  4355 | D:5      | Paralysed by Grinder for 2 turns
  4359 | D:5      | Killed Grinder
  4360 | D:5      | Reached XP level 7. HP: 14/38 MP: 12/14
  4734 | D:5      | Reached skill level 5 in Spellcasting
  4874 | D:5      | HP: 1/39 [acid (7)]
  5402 | D:6      | Reached XP level 8. HP: 30/44 MP: 8/16
  5524 | D:6      | Reached skill level 7 in Ice Magic
  5606 | D:6      | Learned a level 4 spell: Passage of Golubria
  5629 | D:6      | Found a transporter.
  5636 | D:6      | Noticed Zigma's ghost (novice OpTm)
  5651 | D:6      | Found Moyt Xuth's Armour Shop.
  5917 | D:6      | Found a transporter.
  6071 | D:6      | Reached skill level 8 in Ice Magic
  6597 | D:6      | Reached XP level 9. HP: 49/49 MP: 13/19
  6743 | D:6      | Killed Zigma's ghost
  6744 | D:6      | Reached skill level 9 in Ice Magic
  7111 | D:7      | Reached skill level 1 in Translocations
  7111 | D:7      | Reached * piety under Sif Muna
  7964 | D:7      | Found a hide-covered altar of Uskayaw.
  8040 | D:7      | Reached XP level 10. HP: 54/56 MP: 18/22
  8254 | D:8      | Noticed Prince Ribbit
  8266 | D:8      | Killed Prince Ribbit
  8449 | D:8      | Found a sacrificial altar of Ru.
  8933 | D:8      | Noticed a two-headed ogre
  8945 | D:8      | Killed a two-headed ogre
  8946 | D:8      | Reached skill level 5 in Dodging
  8946 | D:8      | Reached skill level 10 in Ice Magic
  9737 | D:9      | Found a bloodstained altar of Trog.
  9814 | D:9      | Found Olenoigo's General Store.
  9822 | D:9      | Bought a scroll of brand weapon for 320 gold pieces
  9864 | D:9      | Noticed a six-headed hydra
  9875 | D:9      | Killed a six-headed hydra
 10560 | D:10     | Entered Level 10 of the Dungeon
 10695 | D:10     | Identified the +10 war axe "Cuneikle" {antimagic, rF++ rC+}
 10927 | D:10     | Found Kopp's Armour Boutique.
 10957 | D:10     | Reached ** piety under Sif Muna
 11161 | D:10     | Noticed a kobold demonologist
 11169 | D:10     | Killed a kobold demonologist
 11170 | D:10     | Reached XP level 11. HP: 62/62 MP: 18/24
 11262 | D:10     | Found a staircase to the Orcish Mines.
 11344 | D:10     | Noticed a two-headed ogre
 11352 | D:10     | Killed a two-headed ogre
 11757 | D:10     | Found a stormy altar of Qazlal.
 11841 | D:11     | Noticed a six-headed hydra
 11842 | D:11     | Noticed a deep elf pyromancer
 11856 | D:11     | HP: 3/62 [six-headed hydra (7)]
 11856 | D:11     | Slain by a six-headed hydra

Illustrated notes

Levels and vault maps discovered:
D:1:      dpeg_arrival_pits, layout_rooms, chequers_arboretum,
          minmay_tetromino_o2
D:2:      layout_rooms, shapermc_ecumenical_altar_gd
D:3:      cheibrodos_old_hovel, layout_basic, uniq_jessica
D:4:      gammafunk_wand_slinger, layout_loops_ring,
          nicolae_overflow_hidden_temple, minmay_ruptured
D:5:      layout_gridville, temple_fountains, minmay_misc_feat_cross,
          uniq_grinder
D:6:      layout_basic, serial_shops, shop, gammafunk_ghost_stat_death
D:7:      layout_loops_corners, overflow_temple_1_default, minmay_liquid_box,
          serial_bayou_ford_a, kennysheep_generic_room_8
D:8:      layout_loops_ring, mainiacjoe_overflow_concentric_impassable,
          uniq_prince_ribbit1
D:9:      layout_irregular_city, mainiacjoe_overflow_tiny_flanked, serial_shops,
          nicolae_stop_n_shop_2, kennysheep_big_empty_room
D:10:     layout_rooms, kennysheep_mini_moat, david_orc_1_choice, serial_shops,
          nicolae_square_shop, minmay_misc_feat_ornament, minmay_between
D:11:     lemuel_reptile_caves, layout_cave_pools, erik_lair_orcish_takeover,
          serial_shops, kennysheep_little_box, xom_shifter_show
Temple:   nicolae_temple_x_marks_the_god

Skill      XL: |  1  2  3  4  5  6  7  8  9 10 11 |
---------------+----------------------------------+-----
Ice Magic      | 5 6 8 9 10 | 10.7
Spellcasting   | 3 4 5 6 8 9 |  9.5
Dodging        | 2 3 4 5 6 |  6.0
Fighting       | 1 2 3 4 |  4.6
Translocations | 2 4 |  4.6
Stealth        | |  2.1

Action                   |  1- 3 |  4- 6 |  7- 9 | 10-12 || total
-------------------------+-------+-------+-------+-------++-------
Melee: Unarmed           |     3 |       |       |       ||     3
       Dagger            |    23 |     9 |       |       ||    32
       Mace              |       |    88 |   170 |   166 ||   424
       War axe           |       |       |       |     6 ||     6
 Cast: Freeze            |    57 |    59 |     4 |       ||   120
       Ozocubu's Armour  |       |     4 |    30 |    24 ||    58
       Frozen Ramparts   |       |       |    32 |    26 ||    58
  Use: Scroll            |     6 |     3 |     4 |     4 ||    17
       Potion            |       |     1 |     3 |     2 ||     6
 Stab: Sleeping          |       |     4 |       |       ||     4
       Distracted        |       |     1 |       |       ||     1
Armor: Robe              |    29 |    59 |   151 |       ||   239
       Steam dragon scal |       |       |       |   194 ||   194
Dodge: Dodged            |    56 |    73 |   181 |   274 ||   584

Table legend: (Time is in decaauts)
 A = Elapsed time spent in this place.
 B = Non-inter-level travel time spent in this place.
 C = Inter-level travel time spent in this place.
 D = Time resting spent in this place.
 E = Time spent auto-exploring this place.
 F = Levels seen in this place.
 G = Mean time per level.
                   A        B        C        D        E       F      G
               +--------+--------+--------+--------+--------+-----+--------+
         Total |  12031 |  11711 |    320 |   2051 |   7594 |  12 | 1002.6 |
       Dungeon |  11961 |  11646 |    315 |   2051 |   7548 |  11 | 1087.4 |
        Temple |     69 |     64 |      5 |      0 |     46 |   1 |   69.0 |
               +--------+--------+--------+--------+--------+-----+--------+

Top non-repeatable levels by time:
     D:5: 1502 daAuts
     D:6: 1469 daAuts
     D:7: 1428 daAuts
     D:9: 1335 daAuts
    D:10: 1302 daAuts
     D:1: 1264 daAuts
     D:3: 1147 daAuts
     D:8: 1037 daAuts
     D:4: 835 daAuts
     D:2: 618 daAuts
  Temple: 69 daAuts
    D:11: 19 daAuts
